 Dungeon Crawl Stone Soup version 0.24.1 (webtiles) character file.

Game seed: 13066733605800892327, levelgen mode: deterministic

4195 Diniver the Cleaver (level 10, -4/59 HPs)
             Began as a Gargoyle Fighter on Mar 26, 2020.
             Was a Believer of Trog.
             Slain by a ten-headed hydra (7 damage)
             ... on level 8 of the Dungeon.
             The game lasted 00:31:48 (7575 turns).

Diniver the Cleaver (Gargoyle Fighter)              Turns: 7575, Time: 00:31:49

Health: -4/59      AC: 19    Str: 23    XL:     10   Next: 29%
Magic:  10/10      EV:  8    Int:  9    God:    Trog [**....]
Gold:   306        SH: 12    Dex: 12    Spells: 9/9 levels left

rFire    . . .     SeeInvis .   a - +1 war axe
rCold    . . .     Gourm    .   c - +1 shield
rNeg     + . .     Faith    +   b - +0 scale mail
rPois    ∞         Spirit   .   (no helmet)
rElec    +         Reflect  .   v - +0 cloak
rCorr    +         Harm     .   p - +0 pair of gloves
MR       ++...                  (no boots)
Stlth    ..........             y - amulet of faith
HPRegen  1.19/turn              i - ring of resist corrosion
MPRegen  0.12/turn              x - +3 ring of dexterity

@: regenerating, hasted, very quick
A: thin metallic scales 1, mutation resistance 1, negative energy resistance 1,
electricity resistance, unbreathing, petrification resistance, rot immunity, AC
+7
a: Berserk, Trog's Hand, Renounce Religion


You were on level 8 of the Dungeon.
You worshipped Trog.
Trog was pleased with you.
You were hungry.

You visited 2 branches of the dungeon, and saw 9 of its levels.

You collected 306 gold pieces.

Inventory:

Hand Weapons
 a - a +1 war axe (weapon)
 d - a +1 whip of electrocution
 t - a +0 broad axe
Armour
 b - a +0 scale mail (worn)
 c - a +1 shield (worn)
 p - a +0 pair of gloves (worn)
 v - a +0 cloak (worn)
Jewellery
 i - a ring of resist corrosion (left hand)
 x - a +3 ring of dexterity (right hand)
 y - an amulet of faith (around neck)
Wands
 m - a wand of digging (4)
 s - a wand of random effects (14)
 u - a wand of iceblast (13)
 C - a wand of flame (18)
Scrolls
 k - a scroll of amnesia {unknown}
 l - a scroll of teleportation
 n - a scroll of enchant weapon
 q - a scroll of fear
 r - 6 scrolls of remove curse
 w - 3 scrolls of identify
Potions
 e - a potion of heal wounds
 g - a potion of ambrosia
 h - 2 potions of curing {unknown}
 j - a potion of magic {unknown}
 o - 2 potions of mutation
 z - 2 potions of haste
 B - a potion of flight {unknown}
Comestibles
 f - 14 rations
 A - 6 chunks of flesh


   Skills:
 - Level 5.0 Fighting
 * Level 11.0 Axes
 - Level 5.1 Armour
 + Level 8.2 Shields


You had 9 spell levels left.
You didn't know any spells.
Your spell library was empty.

Dungeon Overview and Level Annotations

Branches:
Dungeon (8/15)             Temple (1/1) D:5
   Lair: D:8-11

Altars:
Ashenzari
Cheibriados
Dithmenos
Elyvilon
Fedhas
Gozag
Hepliaklqana
Kikubaaqudgha
Makhleb
Nemelex Xobeh
Okawaru
Qazlal
Ru
Sif Muna
Trog
Uskayaw
Vehumet
Wu Jian
Xom
Yredelemnul
Zin
The Shining One
Beogh

Annotations:
D:6 2 transporters, Mryle's ghost, novice GrFi
D:7 3 runed translucent doors, exclusion: 3 doors, Nebesus's ghost, novice DrTm


Innate Abilities, Weirdness & Mutations

You are resistant to torment.
Your stone body is resilient. (AC +7)
You are immune to poison.
You resist negative energy. (rN+)
You are resistant to electric shocks. (rElec)
You can survive without breathing.
You are immune to petrification.
You are immune to rotting.
You are partially covered in thin metallic scales. (AC +2)
You are somewhat resistant to further mutation.


Message History

You block the ten-headed hydra's attack.
The ten-headed hydra bites you but does no damage.
The ten-headed hydra bites you!
* * * LOW HITPOINT WARNING * * *
The ten-headed hydra closely misses you.
You block the ten-headed hydra's attack.
The ten-headed hydra bites you.
* * * LOW HITPOINT WARNING * * *
The ten-headed hydra bites you.
* * * LOW HITPOINT WARNING * * *
The big kobold hits you but does no damage.
You barely miss the ten-headed hydra.
The ten-headed hydra is moderately wounded.
The ten-headed hydra bites you.
* * * LOW HITPOINT WARNING * * *
The ten-headed hydra barely misses you.
You block the ten-headed hydra's attack. x2
The ten-headed hydra bites you but does no damage.
The ten-headed hydra bites you!
You die...

#.#####.## ####)#####
#.#...(..# #.≈.≈÷≈PP#
#.#.###..# #......≈P#
#.#.# #..# #.....P≈≈#
#.#.# #..# #..P..≈≈P#
..#.# #... #.....P≈.#
###.##..... ##'''###+#
............ #.....#.)#
######.....#.#..@DK'%.#
#..# ########## ##


You could see a ten-headed hydra and a big kobold.

Vanquished Creatures
  Harold (D:8)
  Pikel (D:5)
  Joseph (D:8)
  2 dream sheep (D:8)
  2 yaks (D:8)
  A wyvern (D:8)
  A hungry ghost (D:7)
  An orc warrior (D:6)
  A sky beast (D:8)
  A slave (D:5)
  2 ice beasts
  2 big kobolds (D:8)
  A bullfrog (D:8)
  A howler monkey (D:7)
  A bullfrog zombie (D:7)
  2 crimson imps
  4 orc priests
  4 iguanas
  3 hounds (D:4)
  A centaur skeleton (D:6)
  7 worker ants
  7 orc wizards
  A killer bee zombie (D:8)
  4 hound skeletons
  A worker ant zombie (D:6)
  4 gnolls
  15 adders
  A shadow imp (D:7)
  2 oozes
  An adder zombie (D:8)
  An adder skeleton (D:6)
  3 dart slugs
  5 leopard geckos
  38 orcs
  6 bats
  3 giant cockroaches
  7 goblins
  6 hobgoblins
  11 jackals
  3 quokkas
  A ball python (D:3)
  6 frilled lizards
  9 kobolds
  A leopard gecko zombie (D:8)
  4 rats
180 creatures vanquished.

Vanquished Creatures (others)
  6 plants (D:6)
6 creatures vanquished.

Grand Total: 186 creatures vanquished

Notes
Turn   | Place    | Note
-------+----------+-------------------------------------------
     0 | D:1      | Diniver the Gargoyle Fighter began the quest for the Orb.
     0 | D:1      | Reached XP level 1. HP: 14/14 MP: 1/1
     9 | D:1      | Reached skill level 2 in Axes
    14 | D:1      | Reached XP level 2. HP: 19/19 MP: 2/2
   419 | D:1      | Reached XP level 3. HP: 24/24 MP: 3/3
   550 | D:1      | You fall into a shaft and drop 1 floor!
   845 | D:1      | Reached skill level 3 in Axes
  1033 | D:2      | Reached XP level 4. HP: 29/29 MP: 4/4
  1558 | D:2      | Reached XP level 5. HP: 16/34 MP: 5/5
  1906 | D:3      | Reached skill level 4 in Axes
  2622 | D:4      | Reached XP level 6. HP: 32/40 MP: 6/6
  2681 | D:4      | Reached skill level 5 in Fighting
  2749 | D:4      | Reached skill level 5 in Axes
  2953 | D:4      | Found a bloodstained altar of Trog.
  2958 | D:4      | Became a worshipper of Trog the Wrathful
  2987 | D:4      | Reached XP level 7. HP: 44/44 MP: 7/7
  3001 | D:4      | Reached skill level 6 in Axes
  3421 | D:5      | Entered Level 5 of the Dungeon
  3735 | D:5      | Found a staircase to the Ecumenical Temple.
  3812 | Temple   | Entered the Ecumenical Temple
  4184 | D:5      | Noticed Pikel
  4227 | D:5      | Killed Pikel
  4227 | D:5      | Reached skill level 7 in Axes
  4227 | D:5      | Reached XP level 8. HP: 16/49 MP: 8/8
  4986 | D:6      | Found a transporter.
  4987 | D:6      | Found a transporter.
  4996 | D:6      | Identified the cursed -6 shield "Put-Me-On" {rN+}
  5013 | D:6      | Noticed Mryle's ghost (novice GrFi)
  5126 | D:6      | Found an iron altar of Okawaru.
  5177 | D:6      | Reached skill level 5 in Armour
  5177 | D:6      | Reached skill level 5 in Shields
  5180 | D:6      | Gained mutation: You are somewhat resistant to further
                  | mutation. [potion of mutation]
  5180 | D:6      | Gained mutation: You are partially covered in thin metallic
                  | scales. (AC +2) [potion of mutation]
  5187 | D:6      | Reached * piety under Trog
  5538 | D:7      | Reached skill level 8 in Axes
  5893 | D:7      | Reached XP level 9. HP: 50/54 MP: 9/9
  6136 | D:7      | Found a runed translucent gate.
  6137 | D:7      | Found a runed translucent gate.
  6138 | D:7      | Found a runed translucent gate.
  6140 | D:7      | Noticed Nebesus's ghost (novice DrTm)
  6144 | D:7      | Found a roughly hewn altar of Beogh.
  6521 | D:8      | Reached skill level 9 in Axes
  6547 | D:8      | Reached ** piety under Trog
  7147 | D:8      | Noticed Harold
  7167 | D:8      | Killed Harold
  7167 | D:8      | Reached skill level 10 in Axes
  7282 | D:8      | Noticed Joseph
  7298 | D:8      | Killed Joseph
  7298 | D:8      | Reached XP level 10. HP: 50/59 MP: 10/10
  7391 | D:8      | Reached skill level 11 in Axes
  7556 | D:8      | Noticed a three-headed hydra
  7575 | D:8      | Slain by a ten-headed hydra

Levels and vault maps discovered:
D:1:      dpeg_arrival_arbitrary_b, layout_basic, serial_bayou_crossing
D:2:      layout_rooms, first_ration, cheibrodos_gnoll_hut
D:3:      layout_basic
D:4:      layout_cave_pools, lightli_temple_of_fire
D:5:      layout_loops_corners, temple_hall, minmay_strange_pillars, uniq_pikel
D:6:      layout_rooms, gammafunk_ghost_gnarly_gnolls, okawaru_trees_1
D:7:      layout_basic, biasface_ghost_orc_armoury
D:8:      layout_loops_corners, special_room [special_room_orc], hangedman_ranch
          [blue_anna_fruit_fields], uniq_harold, uniq_joseph
Temple:   kilobyte_greek_temple

Skill      XL: |  1  2  3  4  5  6  7  8  9 10 |
---------------+-------------------------------+-----
Axes           | 2 3 4 5 7 8 10 11 | 11.0
Fighting       | 4 5 |  5.0
Armour         | 4 5 |  5.1
Shields        | 4 5 7 8 |  8.2

Action                   |  1- 3 |  4- 6 |  7- 9 | 10-12 || total
-------------------------+-------+-------+-------+-------++-------
Melee: War axe           |   113 |   236 |   379 |    37 ||   765
Invok: Trog's Hand       |       |       |     1 |     1 ||     2
Evoke: Wand              |       |       |    13 |     6 ||    19
  Use: Scroll            |       |     2 |    10 |       ||    12
       Potion            |       |     1 |     2 |     2 ||     5
  Eat: Chunk             |     1 |     7 |    10 |     1 ||    19
       Ration            |       |       |     4 |       ||     4
Armor: Scale mail        |    65 |   167 |   175 |    29 ||   436
Dodge: Dodged            |    28 |   110 |   108 |    16 ||   262
Block: Shield            |    56 |   157 |   166 |    37 ||   416
